Map: [ESL] Hard Lead

Players

Cham

  • Race: Zerg Zerg
  • Spawn Location: 5:00

eGGz - Winner!

  • Race: Zerg Zerg
  • Spawn Location: 11:00

Event: ESL SC2 Masters 2023 Winter (Regional)

VOD

Have the link to the VOD?

Description

Time

  • Played on: Oct. 26, 2023, 3:39 p.m.
  • Length: 9:14

All games in this series

Show
View Real Time Build Order
Export as new Build Order

Cham Zerg 

Build Orders: Hatch First 

Get SALT Encoding   

  12  0:00  Drone  
  13  0:12  Overlord  
  13  0:17  Drone  
  14  0:30  Drone x2  
  16  0:49  Hatchery  
  15  0:52  Drone  
  15  0:54  Drone  
  17  0:57  Drone  
  18  1:10  Spawning Pool  
  17  1:12  Extractor  
  17  1:16  Drone  
  17  1:18  Drone  
  18  1:29  Drone  
  19  1:38  Overlord  
  19  1:50  Drone  
  20  1:58  Queen  
  20  2:00  Drone  
  20  2:01  Queen  
  23  2:02  Drone  
  26  2:10  Drone  
  26  2:12  Drone  
  26  2:15  Metabolic Boost  
  28  2:25  Drone  
  28  2:26  Drone  
  30  2:34  Hatchery  
  29  2:41  Queen  
  31  2:47  Baneling Nest  
  31  2:50  Drone  
  31  2:52  Overlord  
  31  3:03  Drone, Overlord  
  31  3:04  Zergling x2  
  31  3:05  Zergling x2  
  34  3:11  Zergling x4  
  34  3:12  Drone  
  37  3:16  Drone  
  38  3:20  Zergling x2  
  38  3:21  Drone x2  
  41  3:28  Lair  
  41  3:31  Extractor  
  41  3:33  Zergling x4  
  42  3:35  Drone  
  42  3:37  Drone  
  44  3:43  Drone x3  
  44  3:46  Drone  
  48  3:49  Overlord  
  48  3:54  Drone x2  
  49  3:56  Drone  
  49  3:58  Drone  
  49  3:59  Drone  
  49  4:01  Extractor  
  49  4:02  Drone  
  52  4:03  Extractor  
  52  4:04  Drone  
  52  4:10  Drone x2  
  52  4:11  Drone  
  52  4:13  Drone  
  52  4:16  Overlord  
  56  4:25  Spire  
  56  4:28  Drone x2  
  58  4:31  Drone x3  
  58  4:35  Zergling x2  
  58  4:36  Zergling x4  
  63  4:43  Zergling x8  
  67  4:46  Overlord  
  67  4:51  Zergling x6  
  70  4:55  Overlord  
  70  4:58  Zergling x2  
  70  4:59  Zergling x4  
  73  5:05  Overlord  
  73  5:11  Spine Crawler x2  
  69  5:14  Drone x2  
  69  5:17  Zergling x8  
  75  5:27  Overlord  
  75  5:29  Drone x2  
  75  5:31  Drone x2  
  75  5:33  Drone x2, Overlord  
  81  5:41  Mutalisk x2  
  81  5:42  Mutalisk  
  87  5:43  Mutalisk  
  87  5:46  Mutalisk  
  91  5:51  Mutalisk x2  
  94  5:58  Extractor  
  94  5:59  Extractor  
  94  6:00  Mutalisk x2  
  94  6:01  Mutalisk  
  94  6:04  Mutalisk  
  98  6:05  Zergling x2  
  101  6:11  Mutalisk  
  101  6:12  Zergling x4  
  101  6:17  Zergling x10  
  110  6:20  Mutalisk  
  110  6:21  Zergling x2  
  113  6:29  Mutalisk  
  113  6:32  Overlord x2  
  110  6:33  Drone  
  110  6:34  Drone x2  
  110  6:37  Drone x2  
  109  6:43  Centrifugal Hooks  
  109  6:44  Mutalisk  
  109  6:47  Zergling x6  
  109  6:56  Mutalisk x2, Overlord  
  113  7:06  Overseer  
  113  7:07  Mutalisk  
  115  7:09  Zergling x2  
  115  7:10  Zergling x10  
  121  7:17  Zergling x12  
  121  7:20  Mutalisk  
  129  7:26  Zergling x2  
  126  7:35  Overlord  
  126  7:36  Overlord x2  
  119  7:42  Mutalisk x3, Overlord x2  
  111  7:45  Mutalisk  
  99  7:53  Queen  
  99  7:56  Mutalisk x2  
  103  8:00  Mutalisk  
  103  8:01  Zergling x4  
  103  8:04  Zergling x4  
  109  8:06  Mutalisk  
  109  8:09  Zergling x2  
  109  8:20  Mutalisk  
  109  8:21  Zergling x6  
  109  8:25  Mutalisk  
  109  8:26  Zergling x4  
  101  8:31  Mutalisk  
  102  8:46  Mutalisk  
  88  8:49  Mutalisk  
  89  8:56  Zergling x14  
Show
View Real Time Build Order
Export as new Build Order

eGGz Zerg - Winner!

Build Orders: Hatch First, Roach Hydra 

Get SALT Encoding   

  12  0:00  Drone  
  13  0:12  Overlord  
  13  0:16  Drone  
  14  0:31  Drone x2  
  16  0:37  Drone  
  17  0:51  Hatchery  
  17  0:54  Drone  
  17  0:59  Drone  
  18  1:10  Spawning Pool  
  17  1:13  Drone  
  18  1:22  Overlord  
  18  1:35  Drone  
  19  1:47  Drone  
  20  1:58  Queen  
  20  2:00  Drone  
  23  2:03  Queen  
  23  2:04  Drone x2  
  27  2:13  Drone  
  28  2:15  Drone  
  28  2:21  Overlord  
  29  2:25  Drone  
  29  2:29  Extractor  
  29  2:31  Extractor  
  29  2:32  Zergling x2  
  29  2:36  Drone  
  30  2:39  Queen  
  32  2:44  Drone  
  32  2:49  Drone  
  32  2:50  Roach Warren, Evolution Chamber  
  32  2:56  Drone  
  33  3:00  Drone  
  34  3:08  Drone  
  34  3:09  Drone x3  
  34  3:11  Overlord  
  34  3:12  Drone x3  
  41  3:19  Drone, Lair  
  42  3:24  Overlord  
  42  3:31  Overlord  
  42  3:32  Drone  
  43  3:38  Extractor  
  43  3:41  Overlord  
  41  3:42  Drone  
  41  3:46  Zerg Missile Weapons Level 1  
  41  3:47  Drone x3  
  45  3:49  Overlord  
  45  3:57  Roach x3  
  45  4:00  Overlord  
  51  4:12  Roach x2  
  55  4:17  Glial Reconstitution  
  55  4:19  Drone  
  55  4:20  Drone  
  55  4:21  Roach x2  
  61  4:35  Hatchery  
  60  4:39  Roach x4  
  60  4:40  Drone  
  60  4:42  Drone  
  60  4:44  Extractor  
  69  4:45  Drone  
  70  4:56  Drone x3  
  73  5:05  Roach  
  73  5:06  Roach x2  
  79  5:11  Evolution Chamber  
  78  5:14  Roach  
  78  5:15  Overseer, Roach  
  78  5:19  Hydralisk Den  
  81  5:22  Burrow, Roach x2  
  81  5:23  Roach  
  87  5:29  Queen  
  87  5:30  Roach  
  87  5:33  Overlord  
  91  5:47  Overlord  
  91  5:50  Grooved Spines  
  91  5:51  Spore Crawler  
  91  5:52  Spore Crawler  
  90  5:57  Drone  
  90  5:58  Hydralisk x4  
  98  6:05  Hydralisk  
  100  6:11  Spore Crawler  
  100  6:14  Hydralisk x3  
  104  6:34  Overlord  
  104  6:36  Overlord  
  104  6:39  Overlord  
  104  6:41  Muscular Augments, Overlord x3  
  104  6:44  Tunneling Claws  
  104  6:47  Overlord  
  104  6:57  Hydralisk  
  104  7:01  Hydralisk x2  
  106  7:05  Hydralisk x2  
  114  7:12  Hydralisk  
  114  7:20  Hydralisk x3  
  119  7:24  Roach x7  
  119  7:25  Hydralisk  
  117  7:43  Roach x7  
  101  7:45  Roach x3  
  101  7:46  Roach x2  
  95  8:00  Spore Crawler  
  95  8:01  Spore Crawler  
  95  8:02  Spore Crawler x2  
  95  8:05  Roach  
  79  8:10  Roach  
  73  8:14  Spore Crawler  
  73  8:19  Roach x2  
  76  8:26  Roach  
  73  8:29  Roach  
  73  8:32  Roach  
  77  8:45  Hydralisk, Roach  
  77  8:46  Roach  
Tags
 
Add a new tag
Caveats
  • Supply blocks, unpowered buildings, or Contaminate may cause inaccurate times.
  • Supply counts are checked every 10 seconds.